AoeStats
← Mr. Penis

Pilgrims

509153051Analyzed
4v4 RM · 6d ago on Sep 25, 2026· 77m 55s· 8 players
Game mode
Random Map
Map size
Large (8 player)
Population
200
Speed
Normal
Resources
Standard
Victory
Conquest
Starting age
Dark Age
Ending age
Imperial Age
RankedLock teamsTeams togetherTeam positionsShared explorationLock speedFull tech treeHidden civsTurbo modeCheats
Victory
Defeat
🇳🇱 Vietnamese · Netherlands
1349
+15
🇷🇺 Jurchens · Russia
1314
+17
🇲🇽 Celts · Mexico
1311
+17
🇪🇸 Persians · Spain
1309
+17
🇨🇳 Varangians · China
1599
-25
🇨🇳 Saxons · China
1361
-18
🇨🇳 Romans · China
1338
-17
🇭🇰 Wu · Hong Kong SAR China
1019
-12
Mr. Penis
12:07 Feudal Age
14:58 Fishing Lines
17:23 Fletching
17:46 Double-Bit Axe
21:13 Castle Age
19:28 Gold Mining
19:21 Horse Collar
21:53 Bodkin Arrow
22:12 Medium Warships
21:53 Gillnets
22:46 Bow Saw
25:15 Ballistics
27:42 Heavy Plow
29:00 Loom
32:44 Gold Shaft Mining
32:06 Stone Mining
33:39 Wheelbarrow
32:49 Town Watch
35:13 Stone Shaft Mining
37:31 Imperial Age
35:17 Hand Cart
35:02 Town Patrol
38:48 Crop Rotation
39:19 Two-Man Saw
38:50 Heavy Warships
38:55 Bloodlines
38:54 Scale Barding Armor
38:59 Forging
38:51 Bracer
38:54 Husbandry
38:36 Elite Steppe Lancer
40:46 Chain Barding Armor
41:48 Iron Casting
42:04 Conscription
45:46 Plate Barding Armor
47:43 Hoardings
50:28 Guilds
51:28 Blast Furnace
53:16 Fortified Bastions
60:46 Light Cavalry
64:59 Coinage
66:29 Banking
67:25 Scale Mail Armor
69:04 Hussar
PkMn-
3:03 Loom
12:05 Feudal Age
13:19 Double-Bit Axe
19:46 Castle Age
18:58 Horse Collar
20:49 Bow Saw
20:14 Demolition Ship
21:23 Medium Warships
22:08 Gold Mining
23:16 Clinker Construction
26:10 Stone Mining
33:09 Imperial Age
32:19 Heavy Plow
32:30 Fletching
33:27 Stronghold
34:28 Wheelbarrow
34:29 Heavy Warships
34:36 Carvel Hull
35:00 Scale Mail Armor
35:23 Conscription
35:01 Fishing Lines
35:34 Careening
36:11 Chain Mail Armor
37:49 Forging
39:54 Plate Mail Armor
40:04 Bodkin Arrow
41:33 Iron Casting
43:24 Gold Shaft Mining
43:57 Hand Cart
44:11 Town Watch
45:39 Blast Furnace
45:33 Arson
46:21 Scale Barding Armor
47:52 Chain Barding Armor
48:12 Gillnets
47:50 Light Cavalry
48:31 Husbandry
49:35 Padded Archer Armor
51:08 Leather Archer Armor
51:55 Chemistry
51:16 Ballistics
50:38 Elite Skirmisher
51:23 Imperial Skirmisher
54:56 Elite Woad Raider
55:47 Furor Celtica
58:05 Heavy Scorpion
58:54 Siege Engineers
59:47 Murder Holes
62:38 Capped Ram
67:17 Pikeman
67:42 Gambesons
68:43 Man-at-Arms
69:39 Caravan
70:09 Masonry
69:55 Murder Holes
71:06 Long Swordsman
71:40 Two-Handed Swordsman
73:09 Siege Ram
73:26 Champion
Zivag
3:35 Loom
10:34 Feudal Age
11:08 Double-Bit Axe
15:09 Fletching
19:13 Castle Age
19:56 Medium Warships
19:43 Bodkin Arrow
20:47 Padded Archer Armor
22:49 Ballistics
23:46 Clinker Construction
25:19 Careening
36:20 Leather Archer Armor
35:51 Horse Collar
38:19 Forging
40:32 Heavy Plow
44:44 Imperial Age
42:50 Scale Barding Armor
43:21 Iron Casting
42:54 Light Cavalry
43:45 Bloodlines
43:36 Husbandry
44:24 Hussar
45:39 Chain Barding Armor
45:42 Bow Saw
47:11 Plate Barding Armor
48:16 Ring Archer Armor
47:17 Elite Skirmisher
50:08 Wheelbarrow
49:05 Imperial Skirmisher
49:14 Capped Ram
49:58 Siege Ram
54:21 Hand Cart
53:53 Town Watch
55:36 Pikeman
56:16 Squires
57:46 Halberdier
58:28 Scale Mail Armor
59:49 Blast Furnace
59:12 Cavalier
61:40 Two-Man Saw
61:12 Crop Rotation
61:07 Caravan
64:15 Chemistry
64:05 Chain Mail Armor
63:58 Town Patrol
65:44 Plate Mail Armor
67:27 Savar
Stanislav
6:21 Loom
8:44 Loom
11:22 Feudal Age
12:20 Double-Bit Axe
12:17 Fishing Lines
13:35 Town Watch
13:45 Gold Mining
13:56 Fletching
14:07 Padded Archer Armor
14:58 Wheelbarrow
20:02 Castle Age
19:44 Horse Collar
20:43 Bodkin Arrow
20:52 Crossbowman
22:47 Hand Cart
23:28 Ballistics
26:21 Leather Archer Armor
31:32 Thumb Ring
33:22 Bow Saw
36:16 Town Patrol
39:26 Scale Mail Armor
39:38 Forging
42:43 Imperial Age
41:04 Squires
44:28 Chemistry
43:30 Bracer
43:35 Arbalester
46:11 Stone Mining
47:00 Paper Money
47:54 Ring Archer Armor
48:21 Masonry
50:55 Hoardings
57:28 Guilds
64:08 Two-Man Saw
63:30 Heavy Plow
66:58 Siege Engineers
66:54 Pikeman
70:10 Fortified Wall
71:20 Crop Rotation
73:58 Clinker Construction
74:16 Caravan
B站星熙社长
5:09 Loom
10:57 Feudal Age
14:11 Wheelbarrow
15:25 Double-Bit Axe
15:58 Town Watch
16:56 Fishing Lines
19:20 Castle Age
18:17 Gold Mining
20:39 Medium Warships
21:39 Hand Cart
21:23 Stone Mining
22:13 Gold Shaft Mining
21:51 Bow Saw
26:15 Imperial Age
24:44 Horse Collar
25:27 Stone Mining
27:23 Scale Mail Armor
27:34 Forging
27:32 Fletching
28:04 Conscription
28:50 Chain Mail Armor
29:10 Heavy Warships
29:02 Man-at-Arms
29:42 Squires
29:54 Long Swordsman
30:00 Capped Ram
30:28 Legionary
31:28 Heavy Plow
33:35 Iron Casting
35:20 Siege Ram
37:19 Blast Furnace
42:04 Pikeman
43:30 Halberdier
44:16 Fletching
45:58 Heavy Scorpion
51:36 Chemistry
61:30 Ballistas
77:55 Masonry
杯杯
8:05 Loom
14:12 Feudal Age
18:48 Castle Age
18:15 Scale Mail Armor
18:25 Forging
21:24 Medium Warships
22:54 Fishing Lines
27:28 Town Watch
36:37 Wheelbarrow
38:57 Double-Bit Axe
39:25 Horse Collar
41:51 Bow Saw
42:59 Hand Cart
45:05 Pikeman
45:31 Gambesons
45:48 Squires
46:21 Chain Mail Armor
46:41 Iron Casting
47:40 Gold Mining
51:42 Imperial Age
50:21 Arson
50:48 Town Patrol
52:57 Plate Mail Armor
52:42 Halberdier
63:01 Light Cavalry
63:52 Bloodlines
63:42 Husbandry
64:40 Scale Barding Armor
68:32 Chain Barding Armor
935819598
12:17 Feudal Age
11:14 Loom
13:42 Fishing Lines
17:09 Castle Age
15:34 Double-Bit Axe
19:57 Fletching
23:25 Padded Archer Armor
25:37 Bodkin Arrow
35:25 Bow Saw
34:58 Horse Collar
39:18 Imperial Age
39:23 Ballistics
39:22 Scale Barding Armor
39:27 Forging
39:56 Bloodlines
39:46 Husbandry
41:51 Wheelbarrow
40:43 Heavy Hei Guang Cavalry
41:57 Conscription
42:25 Red Cliffs Tactics
43:43 Chemistry
43:11 Elite Fire Archer
44:06 Bracer
45:38 Light Cavalry
46:56 Leather Archer Armor
47:03 Chain Barding Armor
47:19 Iron Casting
50:21 Hussar
66:21 Sitting Tiger
南良千奈
9:01 Loom
11:11 Feudal Age
15:12 Castle Age
13:42 Double-Bit Axe
14:12 Gold Mining
14:15 Fletching
16:27 Bow Saw
18:31 Medium Warships
19:23 Bodkin Arrow
19:39 Fishing Lines
23:09 Ballistics
34:59 Wheelbarrow
35:05 Horse Collar
38:59 Imperial Age
37:45 Hand Cart
37:39 Heavy Plow
40:01 Scale Barding Armor
41:31 Chain Barding Armor
41:46 Bloodlines
42:55 Plate Barding Armor
42:30 Forging
43:47 Stone Mining
43:44 Elite Jarl
46:16 Iron Casting
47:40 Conscription
47:25 Gothikon
51:12 Chemistry
51:14 Blast Furnace
50:00 Light Cavalry
50:40 Husbandry
52:54 Hussar
57:22 Two-Man Saw
64:51 Stone Shaft Mining
70:00 Caravan
70:31 Coinage
74:25 Crop Rotation
Connection lost

Rejoining the realm…

Still unreachable

The connection could not be restored.

Session expired

The server has moved on; the page needs a fresh start.